 Dungeon Crawl Stone Soup version 0.30-a0-341-g682706514a (webtiles) character file.

Game seed: 2521385792020230815

3633 Conn the Arsonist (level 10, 0/56 (59) HPs)
             Began as an Octopode Fire Elementalist on Nov 3, 2022.
             Was an Initiate of Sif Muna.
             Slain by a wight
             ... wielding a +4 falchion
              (15 damage)
             ... on level 8 of the Dungeon.
             The game lasted 00:21:02 (7387 turns).

Conn the Arsonist (Octopode Fire Elementalist)      Turns: 7387, Time: 00:21:03

HP:   0/56 (59)     AC: -3    Str:  8    XL:     10   Next: 11%
MP:   9/20          EV: 13    Int: 21    God:    Sif Muna [......]
Gold: 338           SH:  0    Dex: 13    Spells: 7/23 levels left

rFire   . . .      SeeInvis .    v - +0 rapier
rCold   . . .      Faith    .    (no shield)
rNeg    . . .      Spirit   .    (helmet restricted)
rPois   .          Reflect  .    (no amulet)
rElec   .          Harm     .    (no ring)
rCorr   .          Rampage  .    (no ring)
Will    .....                    (no ring)
Stlth   ++++......               (no ring)
HPRegen 0.29/turn                (no ring)
MPRegen 0.17/turn                (no ring)
                                 (no ring)
                                 (no ring)

@: corroded, drained
A: almost no armour, amphibious, 8 rings, camouflage 1, gelatinous body 1,
(nimble swimmer 1), tentacles
a: Renounce Religion


You were on level 8 of the Dungeon.
You worshipped Sif Muna.
Sif Muna was noncommittal.
You visited 2 branches of the dungeon, and saw 9 of its levels.
You also visited: Ossuary.

You collected 338 gold pieces.

Inventory:

Hand Weapons
 e - a +0 dagger
 v - a +0 rapier (weapon)
Missiles
 k - 22 poisoned darts
Jewellery
 z - a ring of see invisible
Wands
 o - a wand of flame (15)
 q - a wand of roots (6)
 r - a wand of quicksilver (9)
 w - a wand of digging (6)
 y - a wand of mindburst (9)
 B - a wand of charming (11)
Scrolls
 b - 6 scrolls of teleportation
 c - 2 scrolls of butterflies
 j - 2 scrolls of fear
 p - a scroll of poison
 u - a scroll of immolation
 A - a scroll of magic mapping {unknown}
Potions
 a - 2 potions of magic
 d - a potion of ambrosia
 g - 6 potions of curing
 h - 2 potions of flight
 i - 3 potions of mutation
 l - 2 potions of might
 m - a potion of attraction
 n - 3 potions of lignification {unknown}
 s - a potion of haste {unknown}
 t - 2 potions of brilliance {unknown}
 x - a potion of cancellation {unknown}


   Skills:
 + Level 1.4 Fighting
 + Level 1.8 Short Blades
 + Level 3.0 Dodging
 + Level 5.2 Stealth
 + Level 7.0 Spellcasting
 * Level 6.0 Conjurations
 + Level 0.5 Hexes
 + Level 2.8 Translocations
 + Level 8.3 Fire Magic
 + Level 2.8 Air Magic
 + Level 3.0 Poison Magic


You had 7 spell levels left.
You knew the following spells:

 Your Spells              Type           Power      Damage    Failure   Level
a - Foxfire               Conj/Fire      100%       2x1d9     1%          1
b - Kindle Blastsparks    Fire/Tloc/Air  52%        2d14      3%          3
c - Inner Flame           Hex/Fire       25%        N/A       4%          3
d - Flame Wave            Conj/Fire      37%        2d10      4%          4
e - Scorch                Fire           84%        2d9       1%          2
f - Mephitic Cloud        Conj/Pois/Air  24%        N/A       5%          3

Your spell library contained the following spells:

 Spells                   Type           Power      Damage    Failure   Level
 Poisonous Vapours        Pois/Air       38%        N/A       4%          2
 Cigotuvi's Dreadful Rot  Necr/Pois/Air  30%        N/A       6%          2
 Gell's Gravitas          Tloc           19%        N/A       9%          3
 Lesser Beckoning         Tloc           38%        N/A       9%          3
 Teleport Other           Tloc           19%        N/A       9%          3
 Sublimation of Blood     Necr           7%         N/A       13%         2
 Wereblood                Tmut           7%         N/A       13%         2
 Airstrike                Air            9%         2d(2-18)  28%         4
 Lightning Bolt           Conj/Air       12%        1d26      36%         5
 Summon Lightning Spire   Summ/Air       13%        N/A       45%         4
 Summon Hydra             Summ           3%         N/A       100%        7


Dungeon Overview and Level Annotations

Branches:
Dungeon (8/15)             Temple (1/1) D:7         Ossuary (visited)
   Lair: D:8-11

Altars:
Ashenzari
Dithmenos
Elyvilon
Fedhas
Gozag
Makhleb
Nemelex Xobeh
Ru
Sif Muna
Xom
The Shining One

Shops:
D:3 :

Annotations:
D:6 2 transporters, Falherf's ghost, novice SpEn


Innate Abilities, Weirdness & Mutations

You cannot wear most types of armour.
You are amphibious.
You can wear up to eight rings at the same time.
Your skin changes colour to match your surroundings (Stealth+).
Your rubbery body absorbs attacks. (AC +1, EV +1)
((You are camouflaged when in or above water. (Stealth+)))
You have tentacles for arms and can constrict up to eight enemies at once.


Message History

The wight is moderately damaged.
The flame wave engulfs the wight!!
You destroy the wight!
Sif Muna accepts your kill.
You finish channelling waves of flame.
The wight barely misses you.
An acid dragon comes into view.
Your Conjurations skill increases to level 6!
Casting: Flame Wave (dangerous; 4% risk of failure)
Confirm with . or Enter, or press ? or * to list all spells.
Casting: Flame Wave (dangerous; 4% risk of failure)
Press: ? - help, Dir - look around, f - activate A wave of flame ripples out!
The flame wave engulfs the wight.
The wight is heavily damaged. (Press . to intensify the flame waves.)
The wight hits you with a +0 scimitar!
Unknown command.
A wave of flame ripples out!
The flame wave engulfs the wight.
The wight is severely damaged.
The flame wave engulfs the wight.
The wight is lightly damaged.
The wight misses you.
Unknown command.
A wave of flame ripples out!
The flame wave engulfs the wight.
You destroy the wight!
Sif Muna accepts your kill.
The flame wave engulfs the wight!
The wight is severely damaged.
You finish channelling waves of flame.
The wight hits you with a +4 falchion.
You feel drained. The acid dragon spits acid at you.
The splash of acid hits you!!
* * * LOW HITPOINT WARNING * * *
The acid corrodes you!
Okay, then.
You feel much better. The wight hits you with a +4 falchion!
You feel drained.
* * * LOW HITPOINT WARNING * * *
As you read the scroll of fear, it crumbles to dust.
You assume a fearsome visage.
The acid dragon looks frightened!
The wight is unaffected.
The wight hits you with a +4 falchion!
You die...

#..............#
####........#####.#
............# #.#
.###........# #.#
.# #.>....### #.#
.# ######.# #.# .#
#.# ##.## .# #+#
#...###### .#
#@)).D...# .#
#.z<####.# .#
####.# .#### .>#
....+ .... .##.#
..### ## # .# ## .#


You could see an acid dragon (fleeing, catching breath) and a wight.

Vanquished Creatures
  A two-headed ogre (D:7)
  Pikel (D:6)
  Prince Ribbit (D:6)
  A hornet (D:6)
  A yak (D:8)
  A steam dragon (D:7)
  A water moccasin (D:7)
  A black bear (D:7)
  An orc warrior (D:7)
  A sky beast (D:6)
  An ogre (D:5)
  2 phantoms
  A bullfrog (D:5)
  A gnoll sergeant (D:6)
  4 scorpions
  3 wights (D:8)
  5 killer bees (D:7)
  3 orc priests (D:7)
  4 hounds
  A jelly (D:5)
  A human zombie (Ossuary)
  A gnoll bouda (D:6)
  4 iguanas
  An orc wizard (D:7)
  3 mummies (Ossuary)
  6 gnolls (D:6)
  7 adders
  5 dart slugs
  6 orcs
  2 endoplasms
  4 giant cockroaches
  A gnoll zombie (Ossuary)
  3 goblins
  6 hobgoblins
  2 jackals (D:4)
  A quokka (D:1)
  6 ball pythons
  9 bats
  3 frilled lizards
  A goblin zombie (Ossuary)
  A hobgoblin zombie (Ossuary)
  5 kobolds
  2 kobold zombies (Ossuary)
  2 orc zombies (Ossuary)
  4 rats
121 creatures vanquished.

Vanquished Creatures (collateral kills)
  2 foxfires (D:5)
2 creatures vanquished.

Vanquished Creatures (others)
  413 foxfires
413 creatures vanquished.

Grand Total: 536 creatures vanquished

Notes
Turn   | Place    | Note
-------+----------+-------------------------------------------
     0 | D:1      | Conn the Octopode Fire Elementalist began the quest for the
                  | Orb.
     0 | D:1      | Reached XP level 1. HP: 11/11 MP: 3/3
   202 | D:1      | Reached XP level 2. HP: 12/17 MP: 0/5
   977 | D:2      | Reached XP level 3. HP: 21/21 MP: 4/6
  1464 | D:2      | Reached XP level 4. HP: 27/27 MP: 1/7
  1987 | D:3      | Found Coryum's Book Boutique.
  2047 | D:3      | Found a sacrificial altar of Ru.
  2603 | D:4      | Reached XP level 5. HP: 31/31 MP: 4/9
  2728 | D:4      | Learned a level 2 spell: Scorch
  2732 | D:4      | Learned a level 3 spell: Kindle Blastsparks
  2736 | D:4      | Learned a level 3 spell: Inner Flame
  2895 | D:5      | Entered Level 5 of the Dungeon
  2964 | D:5      | Reached skill level 4 in Fire Magic
  2964 | D:5      | Noticed an ogre
  2970 | D:5      | Killed an ogre
  2971 | D:5      | Reached XP level 6. HP: 37/37 MP: 1/11
  3046 | D:5      | Found a sand-covered staircase.
  3053 | Ossuary  | Entered an ossuary
  3618 | D:5      | Reached skill level 1 in Short Blades
  3698 | D:5      | Reached XP level 7. HP: 42/42 MP: 5/13
  3768 | D:5      | Reached skill level 5 in Fire Magic
  4290 | D:6      | Reached skill level 1 in Fighting
  4583 | D:6      | Reached XP level 8. HP: 41/48 MP: 6/15
  4806 | D:6      | Found a transporter.
  4822 | D:6      | Learned a level 4 spell: Flame Wave
  4826 | D:6      | Learned a level 3 spell: Mephitic Cloud
  4911 | D:6      | Noticed Falherf's ghost (novice SpEn)
  4930 | D:6      | Reached skill level 5 in Spellcasting
  4945 | D:6      | Found a transporter.
  4953 | D:6      | Noticed Pikel
  5058 | D:6      | Killed Pikel
  5059 | D:6      | Reached skill level 1 in Translocations
  5059 | D:6      | Reached skill level 6 in Fire Magic
  5059 | D:6      | Reached skill level 1 in Air Magic
  5059 | D:6      | Reached skill level 1 in Poison Magic
  5226 | D:6      | Noticed Prince Ribbit
  5234 | D:6      | Killed Prince Ribbit
  5235 | D:6      | Reached skill level 5 in Stealth
  5235 | D:6      | Reached XP level 9. HP: 53/53 MP: 10/17
  5415 | D:6      | Noticed a hornet
  5479 | D:6      | Killed a hornet
  5764 | D:6      | Found a broken altar of Ashenzari.
  5799 | D:7      | Found a staircase to the Ecumenical Temple.
  5806 | Temple   | Entered the Ecumenical Temple
  5819 | Temple   | Became a worshipper of Sif Muna the Loreminder
  6028 | D:7      | Reached skill level 7 in Fire Magic
  6128 | D:7      | Noticed a two-headed ogre
  6139 | D:7      | Killed a two-headed ogre
  6140 | D:7      | Reached skill level 5 in Conjurations
  6814 | D:7      | Reached XP level 10. HP: 26/59 MP: 3/20
  7179 | D:7      | Reached skill level 8 in Fire Magic
  7387 | D:8      | Slain by a wight

Illustrated notes

Levels and vault maps discovered:
D:1:      scummos_arrival_simple_fountains, layout_basic
D:2:      layout_basic, minmay_tromino_i2
D:3:      layout_rooms, nicolae_ru_path_of_blood, serial_shops,
          nicolae_shop_stone
D:4:      layout_basic
D:5:      layout_basic, chequers_ossuary_entry_cave, guppyfry_early_lair_pool
D:6:      layout_loops_ring, lemuel_coloured_pillars_altar,
          gammafunk_ghost_stat_death, uniq_pikel, uniq_prince_ribbit1
D:7:      layout_loops_ring, minmay_temple_entry_overgrown
D:8:      layout_loops_corners, minmay_misc_feat_nine_boxes
Temple:   compressed_dpeg_triangle_lava_temple

Skill      XL: |  1  2  3  4  5  6  7  8  9 10 |
---------------+-------------------------------+-----
Stealth        | 3 4 5 |  5.2
Spellcasting   | 3 4 5 6 7 |  7.0
Fire Magic     | 4 5 6 7 8 |  8.3
Conjurations   | 2 3 4 5 6 |  6.0
Short Blades   | 1 |  1.8
Fighting       | 1 |  1.4
Translocations | 2 |  2.8
Air Magic      | 1 2 |  2.8
Poison Magic   | 2 3 |  3.0
Dodging        | 3 |  3.0
Hexes          | |  0.5

Action                   |  1- 3 |  4- 6 |  7- 9 | 10-12 || total
-------------------------+-------+-------+-------+-------++-------
Melee: Tentacles         |     5 |     3 |     5 |       ||    13
       Dagger            |    24 |    23 |       |       ||    47
       Constrict         |     8 |     6 |     2 |     1 ||    17
       Unarmed           |     1 |       |       |       ||     1
       Rapier            |       |       |    19 |     2 ||    21
 Cast: Foxfire           |    40 |    99 |    89 |    10 ||   238
       Scorch            |       |     4 |    37 |     4 ||    45
       Inner Flame       |       |       |     3 |     2 ||     5
       Kindle Blastspark |       |       |     2 |       ||     2
       Flame Wave        |       |       |     2 |     2 ||     4
       Mephitic Cloud    |       |       |     5 |     3 ||     8
Evoke: Wand              |       |     1 |       |       ||     1
  Use: Scroll            |       |    11 |     1 |     1 ||    13
       Potion            |       |       |       |     1 ||     1
 Stab: Sleeping          |     7 |     3 |     3 |       ||    13
Armor: Skin              |       |       |     2 |       ||     2
Dodge: Dodged            |    22 |    14 |    37 |     2 ||    75

Table legend: (Time is in decaauts)
 A = Elapsed time spent in this place.
 B = Non-inter-level travel time spent in this place.
 C = Inter-level travel time spent in this place.
 D = Time resting spent in this place.
 E = Time spent auto-exploring this place.
 F = Levels seen in this place.
 G = Mean time per level.
                   A        B        C        D        E       F      G
               +--------+--------+--------+--------+--------+-----+--------+
         Total |   7388 |   7298 |     90 |    167 |   5214 |  10 |  738.8 |
       Dungeon |   6836 |   6746 |     90 |     75 |   5013 |   8 |  854.5 |
        Temple |     26 |     26 |      0 |      0 |      0 |   1 |   26.0 |
       Ossuary |    525 |    525 |      0 |     92 |    201 |   1 |  525.0 |
               +--------+--------+--------+--------+--------+-----+--------+

Top non-repeatable levels by time:
     D:6: 1437 daAuts
     D:7: 1375 daAuts
     D:5: 944 daAuts
     D:2: 822 daAuts
     D:1: 783 daAuts
     D:4: 658 daAuts
     D:3: 628 daAuts
 Ossuary: 525 daAuts
     D:8: 185 daAuts
  Temple: 26 daAuts
